AoeStats
← RoadTo1100

Arena

510092165Analyzed
4v4 RM · 4d ago on Sep 29, 2026· 46m 29s· 8 players
Game mode
Random Map
Map size
Large (8 player)
Population
200
Speed
Normal
Resources
Standard
Victory
Conquest
Starting age
Dark Age
Ending age
Imperial Age
RankedLock teamsTeams togetherTeam positionsShared explorationLock speedFull tech treeHidden civsTurbo modeCheats
Victory
Defeat
🇨🇳 Gurjaras · China
1480
+13
🇨🇳 Franks · China
1444
+15
🇨🇦 Danes · Canada
1397
+16
🇩🇪 Saxons · Germany
1358
+19
🇨🇳 Armenians · China
1415
-16
🇻🇳 Franks · Vietnam
1411
-16
1410
-16
🇹🇼 Saxons · Taiwan
1403
-15
CaptainQS
10:17 Feudal Age
11:55 Loom
14:34 Castle Age
13:18 Double-Bit Axe
14:26 Horse Collar
17:58 Bow Saw
20:20 Gold Mining
22:40 Scale Mail Armor
25:22 Forging
37:51 Iron Casting
37:31 Chain Mail Armor
40:08 Imperial Age
40:49 Gold Shaft Mining
42:16 Wheelbarrow
42:47 Stone Mining
43:01 Heavy Plow
43:23 Hand Cart
43:40 Plate Mail Armor
44:11 Blast Furnace
42:34 Elite Jomsviking
45:08 Town Watch
45:32 Caravan
46:03 Coinage
45:41 Scale Barding Armor
46:13 Stone Shaft Mining
46:41 Town Patrol
zensuuur
10:50 Feudal Age
14:32 Castle Age
12:27 Loom
14:19 Double-Bit Axe
15:56 Bow Saw
17:08 Fletching
17:33 Fletching
24:42 Wheelbarrow
28:36 Imperial Age
26:53 Pikeman
27:55 Scale Mail Armor
30:16 Bodkin Arrow
36:25 Squires
37:14 Chain Mail Armor
37:26 Elite Hearth Troop
40:10 Forging
40:31 Plate Mail Armor
40:19 Horse Collar
40:31 Gold Mining
42:11 Heavy Plow
46:29 Bracer
xinyuan.zhao22
10:20 Feudal Age
14:26 Castle Age
12:44 Double-Bit Axe
15:31 Bow Saw
19:55 Wheelbarrow
19:56 Gold Mining
22:50 Hand Cart
26:52 Imperial Age
24:14 Horse Collar
25:06 Loom
25:06 Town Watch
25:24 Heavy Plow
26:28 Padded Archer Armor
27:03 Fletching
28:58 Chemistry
28:51 Gold Shaft Mining
28:50 Crop Rotation
28:47 Thumb Ring
29:18 Coinage
29:11 Husbandry
29:21 Bloodlines
29:30 Bloodlines
30:50 Bodkin Arrow
31:22 Ballistics
31:44 Leather Archer Armor
32:51 Bracer
36:30 Banking
39:49 Forging
39:45 Scale Barding Armor
40:05 Light Cavalry
43:53 Spies/Treason
45:05 Town Patrol
45:17 Kshatriyas
123456
11:22 Feudal Age
14:51 Castle Age
12:39 Double-Bit Axe
15:46 Bow Saw
20:55 Wheelbarrow
20:11 Town Watch
25:14 Hand Cart
24:48 Loom
25:28 Gold Mining
29:18 Imperial Age
27:15 Scale Barding Armor
27:21 Forging
28:05 Gold Shaft Mining
28:19 Chain Barding Armor
29:04 Husbandry
29:42 Iron Casting
29:23 Cavalier
30:07 Chivalry
31:12 Plate Barding Armor
31:39 Blast Furnace
30:39 Paladin
34:01 Conscription
34:35 Padded Archer Armor
34:26 Fletching
34:37 Scale Mail Armor
34:23 Elite Throwing Axeman
37:55 Stone Mining
39:19 Chemistry
38:00 Treadmill Crane
38:54 Coinage
40:26 Bodkin Arrow
40:48 Leather Archer Armor
40:48 Chain Mail Armor
43:52 Hoardings
44:05 Spies/Treason
Laki
9:42 Feudal Age
11:32 Loom
14:06 Castle Age
12:49 Double-Bit Axe
12:58 Horse Collar
36:42 Wheelbarrow
cgan13289
10:38 Feudal Age
11:46 Double-Bit Axe
14:28 Castle Age
12:36 Horse Collar
15:43 Bow Saw
17:53 Loom
20:27 Scale Mail Armor
20:46 Gold Mining
21:39 Chain Mail Armor
22:05 Gambesons
24:48 Wheelbarrow
23:58 Town Watch
25:56 Hand Cart
30:39 Imperial Age
28:21 Stone Mining
29:00 Town Patrol
29:14 Heavy Plow
29:28 Fletching
29:39 Padded Archer Armor
30:01 Ballistics
29:22 Treadmill Crane
30:24 Bodkin Arrow
30:45 Leather Archer Armor
31:17 Fortified Wall
31:18 Masonry
31:43 Thumb Ring
31:28 Elite Hearth Troop
32:29 Conscription
31:39 Elite Varangian Guard
32:29 Bracer
33:08 Crop Rotation
33:44 Two-Man Saw
33:18 Ring Archer Armor
33:05 Squires
32:50 Arson
35:01 Chemistry
34:56 Plate Mail Armor
34:37 Forging
36:14 Iron Casting
35:39 Shield Wall
37:40 Pikeman
38:14 Halberdier
2ʙ♥ˡᵒᵛᵉᵧₒᵤ
0:58 Loom
9:54 Feudal Age
10:30 Double-Bit Axe
10:26 Horse Collar
17:35 Castle Age
15:48 Stone Mining
18:11 Wheelbarrow
17:59 Gold Mining
20:28 Heavy Plow
21:00 Bow Saw
21:47 Hand Cart
23:10 Squires
26:06 Gold Shaft Mining
30:16 Imperial Age
27:42 Pikeman
28:50 Ballistics
28:36 Scale Mail Armor
30:47 Ballistas
31:43 Conscription
30:45 Heavy Scorpion
30:48 Capped Ram
31:53 Halberdier
34:12 Forging
34:37 Siege Engineers
36:34 Chain Mail Armor
36:55 Iron Casting
38:19 Chemistry
RoadTo1100
11:03 Feudal Age
15:05 Castle Age
15:32 Double-Bit Axe
16:24 Bow Saw
19:05 Loom
24:30 Fletching
29:48 Scale Mail Armor
29:58 Forging
31:01 Forging
35:37 Wheelbarrow
Connection lost

Rejoining the realm…

Still unreachable

The connection could not be restored.

Session expired

The server has moved on; the page needs a fresh start.